 Dungeon Crawl Stone Soup version 0.25-a0-528-g6b7c99946c (webtiles) character file.

Game seed: 16722919641655631406, levelgen mode: deterministic

12274 Flugslaktarn the Cleaver (level 11, -6/103 HPs)
             Began as a Deep Dwarf Fighter on Feb 19, 2020.
             Was an Elder of Makhleb.
             Mangled by a harpy (12 damage)
             ... summoned by Kirke
             ... on level 12 of the Dungeon.
             The game lasted 00:05:15 (6949 turns).

Flugslaktarn the Cleaver (Deep Dwarf Fighter)       Turns: 6949, Time: 00:05:15

Health: -6/103     AC:  0    Str: 23    XL:     11   Next: 60%
Magic:  1/3        EV: 13    Int:  9    God:    Makhleb [****..]
Gold:   445        SH:  0    Dex: 12    Spells: 10/10 levels left

rFire    . . .     SeeInvis .   (weapon currently unavailable)
rCold    . . .     Gourm    .   (shield currently unavailable)
rNeg     . . .     Faith    +   (armour currently unavailable)
rPois    .         Spirit   .   (helmet currently unavailable)
rElec    .         Reflect  .   (cloak currently unavailable)
rCorr    .         Harm     .   (gloves currently unavailable)
MR       +....                  (boots currently unavailable)
Stlth    +.........             s - amulet of faith
HPRegen  0.00/turn              (ring currently unavailable)
MPRegen  0.08/turn              (ring currently unavailable)

@: pig-form, non-regenerating, very quick
A: small, damage resistance, heal wounds, sense surroundings 2, no regeneration
a: Heal Wounds, Minor Destruction, Lesser Servant of Makhleb, Major Destruction,
Renounce Religion


You were on level 12 of the Dungeon.
You worshipped Makhleb.
Makhleb was greatly pleased with you.
You were hungry.
You were a filthy swine.
You visited 2 branches of the dungeon, and saw 13 of its levels.

You collected 445 gold pieces.

Inventory:

Hand Weapons
 b - a +1 antimagic battleaxe (melded)
   (You took it off Urug on level 11 of the Dungeon)
Missiles
 j - 3 throwing nets (quivered)
Armour
 f - a +2 cloak (melded)
   (You found it on level 7 of the Dungeon)
 k - a +0 helmet (melded)
   (You found it on level 8 of the Dungeon)
 o - a +0 plate armour (melded)
   (You found it on level 7 of the Dungeon)
 x - a +2 pair of gloves (melded)
   (You found it on level 6 of the Dungeon)
Jewellery
 s - an amulet of faith (around neck)
   (You found it on level 4 of the Dungeon)
 v - the ring of Vodka (melded) {rPois Stlth+}
   (You found it on level 5 of the Dungeon)

   [ring of poison resistance]

   It protects you from poison.
   It makes you more stealthy.
Wands
 l - a wand of iceblast (6)
   (You found it on level 4 of the Dungeon)
Scrolls
 m - a scroll of enchant weapon
 t - 5 scrolls of teleportation
 u - a scroll of vulnerability
 y - a scroll of immolation
 z - a scroll of enchant armour
Potions
 c - a potion of heal wounds {unknown}
 d - a potion of might
 g - 2 potions of flight
 h - 4 potions of haste
 i - a potion of berserk rage
 n - 2 potions of stabbing
 p - a potion of mutation {unknown}
 q - 6 potions of curing
Comestibles
 a - 6 chunks of flesh
 e - 23 rations


   Skills:
 + Level 7.9 Fighting
 * Level 12.3 Axes
 + Level 9.5 Armour
   Level 8.9 Shields
 + Level 7.8 Invocations


You had 10 spell levels left.
You didn't know any spells.
Your spell library was empty.

Dungeon Overview and Level Annotations

Branches:
Dungeon (12/15)            Temple (1/1) D:5            Lair (0/6) D:8
    Orc (0/2) D:9

Altars:
Ashenzari
Dithmenos
Elyvilon
Fedhas
Gozag
Kikubaaqudgha
Makhleb
Nemelex Xobeh
Okawaru
Ru
Trog
Uskayaw
Vehumet
Xom
Zin
The Shining One
Beogh

Shops:
D:10 *   D:11 *

Annotations:
D:3 1 exclusion
D:7 3 runed translucent doors, FRZBLD's ghost, novice TrMo
D:12 Kirke


Innate Abilities, Weirdness & Mutations

You are resistant to damage.
You can heal yourself by infusing magical energy.
You passively map the area around you.
You do not regenerate.


Message History

You feel magic returning to you.
You closely miss something. The harpy claws you! The harpy claws you.
You hear some strange, mumbled words.
You feel a momentary urge to oink. The harpy claws you!! The harpy misses you.
You see here a hog corpse.
The harpy barely misses you. The harpy misses you. The harpy barely misses you.
The harpy completely misses you.
The harpy screeches!
The harpy claws you!!
* * * LOW HITPOINT WARNING * * *
The harpy claws you!
* * * LOW HITPOINT WARNING * * *
The harpy claws you.
* * * LOW HITPOINT WARNING * * *
The harpy claws you.
The harpy screeches!
There is a stone staircase leading up here.
The harpy claws you!
You die...

*, ** ** ,, ** * * , ,
* *, ,, * * , , . ,
,,,,, , , ..* , * * ,
...* , * , * , , .... *
,, , * $.... ,
.##############...... ,
, ......(hH...†........
,,
............††)...... ,
, ,
,*####+###.............
,, , , , ,
#............. , , , ,
#..########### , , ,,
,#.>'....... , ,,
#..#....... , , *,,
#..#......., *, ,* ,, ,
#..######## * ,


You could see a harpy.

Vanquished Creatures
  A two-headed ogre (D:12)
  Urug (D:11)
  2 unseen horrors (D:10)
  Pikel (D:4)
  A manticore (D:11)
  2 gargoyles
  Prince Ribbit (D:8)
  2 hippogriffs
  Sigmund (D:3)
  A wraith (D:11)
  Eustachio (D:4)
  7 hogs (D:12)
  8 yaks
  A basilisk (D:11)
  Duvessa (D:4)
  10 orc warriors
  3 porcupines (D:8)
  2 ice beasts
  A sky beast (D:7)
  A slave (D:4)
  2 black bears
  6 ogres
  2 phantoms
  3 centaurs
  7 bullfrogs
  Blork the orc (D:4)
  Dowan (D:4)
  2 scorpions (D:8)
  9 killer bees
  3 wights (D:7)
  3 crimson imps
  8 hounds
  8 orc priests
  A centaur skeleton (D:6)
  10 orc wizards
  3 bullfrog skeletons
  2 iguanas (D:9)
  11 worker ants
  A killer bee zombie (D:10)
  A worker ant zombie (D:6)
  6 gnolls
  A howler monkey zombie (D:9)
  8 adders
  2 shadow imps
  2 adder skeletons (D:5)
  A worm (D:2)
  4 leopard geckos
  48 orcs
  3 giant cockroaches
  6 goblins
  3 hobgoblins
  11 jackals
  2 quokkas
  5 bats
  4 kobolds
  A leopard gecko zombie (D:5)
  3 rats (D:3)
  2 fungi (D:8)
244 creatures vanquished.

Notes
Turn   | Place    | Note
-------+----------+-------------------------------------------
     0 | D:1      | Flugslaktarn the Deep Dwarf Fighter began the quest for the
                  | Orb.
     0 | D:1      | Reached XP level 1. HP: 20/20 MP: 1/1
    97 | D:2      | Reached XP level 2. HP: 21/27 MP: 2/2
   301 | D:3      | Found a sparkling altar of Nemelex Xobeh.
   337 | D:3      | Reached skill level 3 in Axes
   337 | D:3      | Reached XP level 3. HP: 20/34 MP: 3/3
   361 | D:3      | Reached XP level 4. HP: 35/42 MP: 3/3
   466 | D:3      | Found an iron altar of Okawaru.
   538 | D:3      | Noticed Sigmund
   554 | D:3      | Killed Sigmund
   554 | D:3      | Reached skill level 4 in Axes
   554 | D:3      | Reached XP level 5. HP: 22/49 MP: 4/4
   686 | D:4      | Noticed Duvessa
   695 | D:4      | Noticed Dowan
   701 | D:4      | Killed Duvessa
   701 | D:4      | Reached XP level 6. HP: 32/57 MP: 5/5
   714 | D:4      | Killed Dowan
   714 | D:4      | Reached skill level 5 in Axes
   780 | D:4      | Noticed a slave
   781 | D:4      | Noticed a slave
   782 | D:4      | Noticed a slave
   786 | D:4      | Noticed a slave
   796 | D:4      | Killed a slave
   800 | D:4      | Noticed Pikel
   823 | D:4      | Killed Pikel
   823 | D:4      | Reached skill level 6 in Axes
   823 | D:4      | Reached skill level 5 in Armour
   823 | D:4      | Reached skill level 5 in Shields
   823 | D:4      | Reached XP level 7. HP: 41/66 MP: 6/6
   973 | D:4      | Noticed Eustachio
  1037 | D:4      | Killed Eustachio
  1037 | D:4      | Reached XP level 8. HP: 37/73 MP: 7/7
  1244 | D:4      | Reached skill level 7 in Axes
  1564 | D:4      | Noticed Blork the orc
  1578 | D:4      | Killed Blork the orc
  1578 | D:4      | Reached skill level 5 in Fighting
  1668 | D:5      | Entered Level 5 of the Dungeon
  1689 | D:5      | Noticed a gargoyle
  1726 | D:5      | Killed a gargoyle
  1726 | D:5      | Reached skill level 8 in Axes
  1777 | D:5      | Got a glittering silver ring
  2063 | D:5      | Gained mutation: You passively map the area around you.
                  | [Deep Dwarf growth]
  2063 | D:5      | Reached XP level 9. HP: 35/81 MP: 4/4
  2092 | D:5      | Found a staircase to the Ecumenical Temple.
  2111 | Temple   | Entered the Ecumenical Temple
  2140 | Temple   | Became a worshipper of Makhleb the Destroyer
  2549 | D:6      | Reached skill level 1 in Invocations
  2720 | D:6      | Reached skill level 9 in Axes
  2818 | D:6      | Identified the ring of Vodka {rPois Stlth+} (You found it
                  | on level 5 of the Dungeon)
  3125 | D:6      | Reached * piety under Makhleb
  3377 | D:7      | Found a runed translucent gate.
  3377 | D:7      | Found a runed translucent gate.
  3377 | D:7      | Found a runed translucent gate.
  3898 | D:7      | Noticed FRZBLD's ghost (novice TrMo)
  4161 | D:8      | Reached skill level 10 in Axes
  4161 | D:8      | Reached XP level 10. HP: 92/92 MP: 7/7
  4190 | D:8      | Reached ** piety under Makhleb
  4236 | D:8      | Noticed Prince Ribbit
  4244 | D:8      | Killed Prince Ribbit
  4355 | D:8      | Found a staircase to the Lair.
  4832 | D:9      | Reached skill level 5 in Invocations
  4885 | D:9      | Reached *** piety under Makhleb
  4967 | D:9      | Found a staircase to the Orcish Mines.
  4972 | D:9      | Found a roughly hewn altar of Beogh.
  5412 | D:10     | Entered Level 10 of the Dungeon
  5472 | D:10     | Killed an unseen horror
  5472 | D:10     | Reached skill level 11 in Axes
  5532 | D:10     | Found the +5 demon whip "Spellbinder" {antimagic, MR+}
  5548 | D:10     | Noticed a gargoyle
  5562 | D:10     | Killed a gargoyle
  5618 | D:10     | Reached **** piety under Makhleb
  5619 | D:10     | Reached XP level 11. HP: 70/100 MP: 6/6
  5640 | D:10     | Found Udedaod's Serpentskin Sales.
  6057 | D:10     | Killed an unseen horror
  6495 | D:11     | Noticed Urug
  6531 | D:11     | Killed Urug
  6753 | D:11     | Found Paisetud's General Store.
  6900 | D:12     | Noticed Kirke
  6900 | D:12     | Noticed a two-headed ogre
  6911 | D:12     | Reached skill level 12 in Axes
  6918 | D:12     | Killed a two-headed ogre
  6930 | D:12     | Noticed a harpy
  6930 | D:12     | Noticed a harpy
  6949 | D:12     | Mangled by a harpy

Levels and vault maps discovered:
D:1:      dpeg_arrival_radiant, layout_basic, minmay_split_cup_small
D:2:      layout_loops_ring
D:3:      layout_loops_ring, kennysheep_okawaru_gauntlet,
          nemelex_xobeh_ov_fountains_minmay, uniq_sigmund
D:4:      layout_gridville, minmay_misc_feat_cross, uniq_duvessa, uniq_pikel,
          uniq_blork_the_orc, uniq_eustachio
D:5:      layout_basic, minmay_temple_entry_drinking_statues, first_ration
D:6:      layout_basic
D:7:      layout_loops_ring, gammafunk_ghost_icy
D:8:      layout_basic, grunt_lair_entry_orc_guard_hut, uniq_prince_ribbit1
D:9:      layout_irregular_city, david_orc_5, grunt_ogre_cave
D:10:     layout_basic, guppyfry_shop_venom
D:11:     layout_basic, serial_shops, shop, uniq_snorg, uniq_urug
D:12:     layout_irregular_city, hangedman_glass_teeth, uniq_fannar, uniq_kirke
Temple:   grunt_wide_crystal_templ

Skill      XL: |  1  2  3  4  5  6  7  8  9 10 11 |
---------------+----------------------------------+-----
Fighting       | 3 4 5 6 7 |  7.9
Axes           | 3 4 6 8 10 11 12 | 12.3
Armour         | 4 5 6 7 8 9 |  9.5
Shields        | 4 5 6 7 8 |  8.9
Invocations    | 4 6 7 |  7.8

Action                   |  1- 3 |  4- 6 |  7- 9 | 10-12 || total
-------------------------+-------+-------+-------+-------++-------
Melee: War axe           |    69 |   103 |   434 |   456 ||  1062
       Unarmed           |       |     4 |       |     1 ||     5
       Battleaxe         |       |       |       |    53 ||    53
 Abil: Heal Wounds       |     2 |     5 |    20 |    15 ||    42
  Use: Scroll            |       |       |    11 |     6 ||    17
  Eat: Chunk             |       |       |    12 |     9 ||    21
Armor: Scale mail        |    39 |    33 |   130 |       ||   202
       Skin              |       |    11 |       |       ||    11
       Plate armour      |       |       |    24 |   469 ||   493
Dodge: Dodged            |    31 |    28 |   119 |   137 ||   315
Block: Kite shield       |    43 |    59 |   231 |   302 ||   635

Table legend:
 A = Non-vault XP
 B = Vault XP
 C = Vault XP percentage of total XP
 D = Non-vault monster count
 E = Vault monster count
 F = Vault count percentage of total count
                 A         B        C        D         E       F
            +---------+---------+-------+---------+---------+-------
      Total |   11914 |    5621 |  32.1 |     196 |      45 |  18.7
            +---------+---------+-------+---------+---------+-------
        D:1 |       9 |       0 |   0.0 |       6 |       0 |   0.0
        D:2 |      20 |       0 |   0.0 |      10 |       0 |   0.0
        D:3 |      92 |     212 |  69.7 |      15 |       1 |   6.2
        D:4 |     487 |    1148 |  70.2 |      17 |       5 |  22.7
        D:5 |     973 |       0 |   0.0 |      28 |       0 |   0.0
        D:6 |     995 |       0 |   0.0 |      27 |       0 |   0.0
        D:7 |     771 |       0 |   0.0 |      15 |       0 |   0.0
        D:8 |     782 |    1039 |  57.1 |      15 |       7 |  31.8
        D:9 |    1309 |    1038 |  44.2 |      23 |      23 |  50.0
       D:10 |    3885 |      13 |   0.3 |      28 |       1 |   3.4
       D:11 |    1686 |     815 |  32.6 |      11 |       1 |   8.3
       D:12 |     905 |    1356 |  60.0 |       1 |       7 |  87.5
            +---------+---------+-------+---------+---------+-------
